 Dungeon Crawl Stone Soup version 0.28-a0-973-ga7f8b01127 (webtiles) character file.

Game seed: 14246162687435089879

337 Goblin1989 the Skirmisher (level 6, 0/53 HPs)
             Began as a Draconian Fighter on Dec 1, 2021.
             Slain by a gnoll (1 damage)
             ... on level 5 of the Dungeon.
             The game lasted 00:07:10 (4914 turns).

Goblin1989 the Skirmisher (Draconian Fighter)       Turns: 4914, Time: 00:07:11

Health: 0/53       AC:  6    Str: 20    XL:     6   Next: 28%
Magic:  6/6        EV: 13    Int:  8    God:
Gold:   198        SH:  4    Dex: 11    Spells: 5/5 levels left

rFire   . . .      SeeInvis .   a - +0 flail
rCold   . . .      Faith    .   b - +0 buckler
rNeg    . . .      Spirit   .   (armour unavailable)
rPois   .          Reflect  .   (helmet restricted)
rElec   .          Harm     .   (no cloak)
rCorr   .          Rampage  .   (no gloves)
Will    .....                   (no boots)
Stlth   +.........              (no amulet)
HPRegen 0.17/turn               (no ring)
MPRegen 0.10/turn               (no ring)

@: mighty, lethally poisoned (0 -> -17)
A: AC +6, unfitting armour, cold-blooded
a: no special abilities


You were on level 5 of the Dungeon.
You visited 1 branch of the dungeon, and saw 5 of its levels.

You collected 198 gold pieces.

Inventory:

Hand Weapons
 a - a +0 flail (weapon)
Missiles
 q - 14 poisoned darts (quivered)
Armour
 b - a +0 buckler (worn)
Jewellery
 g - a ring of resist corrosion
 l - a ring of flight
Scrolls
 e - 8 scrolls of identify {unknown}
 h - a scroll of blinking {unknown}
 j - a scroll of amnesia {unknown}
 k - a scroll of magic mapping {unknown}
 m - a scroll of silence {unknown}
 n - a scroll of fear {unknown}
 o - a scroll of noise {unknown}
Potions
 c - a potion of might {@q4}
 d - 2 potions of cancellation {unknown}
 f - a potion of mutation {unknown}
 p - a potion of flight {unknown}
 r - a potion of resistance {unknown}


   Skills:
 + Level 4.5 Fighting
 * Level 4.4 Maces & Flails
 + Level 3.8 Dodging
 - Level 4.0 Shields


You had 5 spell levels left.
You didn't know any spells.
Your spell library was empty.

Dungeon Overview and Level Annotations

Branches:
Dungeon (5/15)
 Temple: D:4-7

Altars:

Shops:
D:3 (


Innate Abilities, Weirdness & Mutations

Your plain brown scales are hard. (AC +6)
You cannot fit into any form of body armour.
You are cold-blooded and may be slowed by cold attacks.


Message History

You destroy the water moccasin skeleton!
Health restored: 53 You see here a +0 giant spiked club.
Unknown command.
Unknown command.
Unknown command.
Unknown command.
Unknown command.
You see here 12 bolts.
You now have 198 gold pieces (gained 16).
e - 8 scrolls labelled ASA IXKIFRE (gained 3)
A water moccasin comes into view.
The water moccasin hisses angrily.
The water moccasin closely misses you.
You barely miss the water moccasin. The water moccasin closely misses you.
A gnoll comes into view. It is wielding a +0 flail.
You barely miss the water moccasin.
The gnoll shouts!
Your tail-slap misses the water moccasin.
The water moccasin bites you but does no damage.
The water moccasin closely misses you.
You closely miss the water moccasin. The water moccasin closely misses you.
The water moccasin bites you but does no damage.
You completely miss the water moccasin.
The water moccasin bites you but does no damage.
You miss the water moccasin.
The water moccasin bites you but does no damage.
A gnoll comes into view. It is wielding a +0 whip.
The water moccasin bites you but does no damage.
The gnoll moves out of view.
You closely miss the water moccasin. The water moccasin closely misses you.
A gnoll comes into view. It is wielding a +0 club.
The water moccasin barely misses you.
You closely miss the water moccasin.
The gnoll shouts!
The gnoll hits you with a +0 flail!
The water moccasin completely misses you.
You take 12 damage, and have 41/53 hp.
MASSIVE DAMAGE!!
You miss the water moccasin. The water moccasin closely misses you.
The gnoll hits you with a +0 flail. The water moccasin bites you.
You are poisoned.
The water moccasin poisons you! You block the gnoll's attack.
You take 7 damage, and have 34/53 hp.
You barely miss the water moccasin.
You feel very sick.
The gnoll shouts!
The water moccasin bites you.
You are lethally poisoned!
The water moccasin poisons you! The gnoll hits you with a +0 flail.
* * * LOW HITPOINT WARNING * * *
The water moccasin misses you.
You take 13 damage, and have 21/53 hp.
MASSIVE DAMAGE!!
You closely miss the water moccasin.
Your tail-slap misses the water moccasin.
* * * LOW HITPOINT WARNING * * *
You feel extremely sick. The water moccasin barely misses you.
The gnoll misses you.
You take 7 damage, and have 14/53 hp.
It was a potion of curing.
You feel better. The water moccasin bites you.
* * * LOW HITPOINT WARNING * * *
You barely miss the water moccasin.
The water moccasin completely misses you.
The water moccasin barely misses you. The water moccasin barely misses you.
You sock the water moccasin!
The water moccasin is severely wounded.
The water moccasin bites you.
* * * LOW HITPOINT WARNING * * *
The gnoll barely misses you. The gnoll closely misses you.
The water moccasin misses you.
You take 3 damage, and have 12/53 hp.
You closely miss the water moccasin.
Your tail-slap misses the water moccasin.
The water moccasin is severely wounded.
The gnoll hits you with a +0 flail!
* * * LOW HITPOINT WARNING * * *
The gnoll barely misses you. The water moccasin bites you.
* * * LOW HITPOINT WARNING * * *
The gnoll misses you.
You take 7 damage, and have 5/53 hp.
You closely miss the water moccasin.
The water moccasin is severely wounded.
The water moccasin bites you but does no damage.
The gnoll hits you but does no damage. x2
You block the water moccasin's attack. You block the gnoll's attack.
The gnoll closely misses you. The gnoll hits you but does no damage.
You barely miss the water moccasin.
The water moccasin is heavily wounded.
The water moccasin misses you. The gnoll hits you with a +0 whip.
* * * LOW HITPOINT WARNING * * *
The gnoll misses you. The gnoll barely misses you.
You take 4 damage, and have 1/53 hp.
You feel better. The water moccasin bites you.
* * * LOW HITPOINT WARNING * * *
You are lethally poisoned!
The water moccasin poisons you! The gnoll closely misses you.
The water moccasin barely misses you. The gnoll hits you with a +0 flail.
* * * LOW HITPOINT WARNING * * *
The gnoll hits you with a +0 club.
You die...

...........................
....... █.................
....... ██.................
█.....██.................█
███......................█
█.....=..................█
...██..............(....██.
█.....ggg............... .
███....S@................
..██.█......................
...................<........
..........████..............
█........██ ██.....█.......
.█.........█ █.....██......
.......<...██ █..█..█ █.....
...█........███)███..█ .....
█..........█.█ █.........


You could see a water moccasin and 3 gnolls.

Vanquished Creatures
  An ogre (D:5)
  A water moccasin skeleton (D:5)
  Robin (D:2)
  3 gnolls
  8 adders
  An adder skeleton (D:3)
  3 worms
  3 dart slugs
  An orc (D:4)
  2 bats
  5 endoplasms
  11 giant cockroaches
  12 goblins
  6 hobgoblins
  4 jackals (D:5)
  3 quokkas
  6 ball pythons
  5 frilled lizards
  3 kobolds (D:3)
  3 rats
82 creatures vanquished.

Notes
Turn   | Place    | Note
-------+----------+-------------------------------------------
     0 | D:1      | Goblin1989 the Draconian Fighter began the quest for the
                  | Orb.
     0 | D:1      | Reached XP level 1. HP: 19/19 MP: 1/1
   344 | D:1      | Found a faded altar of an unknown god.
   464 | D:1      | Reached XP level 2. HP: 20/26 MP: 2/2
  1135 | D:2      | Reached XP level 3. HP: 30/31 MP: 3/3
  1845 | D:2      | Noticed Robin
  1946 | D:2      | Killed Robin
  1947 | D:2      | Reached XP level 4. HP: 22/40 MP: 4/4
  3100 | D:3      | Found Nystroen's Weapon Boutique.
  3428 | D:3      | Reached XP level 5. HP: 46/46 MP: 5/5
  3906 | D:4      | Noticed an ogre
  4797 | D:5      | Entered Level 5 of the Dungeon
  4820 | D:5      | Noticed an ogre
  4862 | D:5      | Killed an ogre
  4863 | D:5      | Reached XP level 6. HP: 52/53 MP: 6/6
  4890 | D:5      | Noticed a water moccasin
  4913 | D:5      | HP: 1/53 [gnoll (4)]
  4914 | D:5      | Slain by a gnoll

Illustrated notes

Levels and vault maps discovered:
D:1:      sevenhm_arrival_forest_fort_large_4, layout_basic,
          shapermc_ecumenical_altar_mp_ritualfount
D:2:      layout_basic, serial_co_window_serial, co_window_paths_a,
          co_window_corner_a, co_window_paths_b, co_window_paths_a,
          co_window_of_opportunity_a, co_window_unsneaky_path_b,
          co_window_2corner, co_window_cross_4, co_window_broadway_a,
          co_window_unsneaky_path_d, co_window_paths_d, uniq_robin
D:3:      minmay_roachtagon, layout_basic, serial_shops, shop, minmay_cupped
D:4:      layout_loops_corners, minmay_temple_entry_poolview,
          chequers_serial_rivers_micro_c
D:5:      layout_cave_pools, guppyfry_early_lair_pool

Skill      XL: |  1  2  3  4  5 |
---------------+----------------+-----
Dodging        | 3 |  3.8
Maces & Flails | 3 4 |  4.4
Fighting       | 4 |  4.5
Shields        | 4 |  4.0

Action                   |  1- 3 |  4- 6 || total
-------------------------+-------+-------++-------
Melee: Flail             |    91 |   184 ||   275
       Tailslap          |     6 |    21 ||    27
  Use: Potion            |       |     3 ||     3
 Stab: Sleeping          |     1 |     1 ||     2
Armor: Skin              |    26 |    56 ||    82
Dodge: Dodged            |    52 |   135 ||   187
Block: Buckler           |    12 |    40 ||    52

Table legend: (Time is in decaauts)
 A = Elapsed time spent in this place.
 B = Non-inter-level travel time spent in this place.
 C = Inter-level travel time spent in this place.
 D = Time resting spent in this place.
 E = Time spent auto-exploring this place.
 F = Levels seen in this place.
 G = Mean time per level.
                   A        B        C        D        E       F      G
               +--------+--------+--------+--------+--------+-----+--------+
         Total |   4983 |   4692 |    291 |    295 |   3592 |   5 |  996.6 |
       Dungeon |   4983 |   4692 |    291 |    295 |   3592 |   5 |  996.6 |
               +--------+--------+--------+--------+--------+-----+--------+

Top non-repeatable levels by time:
     D:2: 1470 daAuts
     D:3: 1382 daAuts
     D:1: 1063 daAuts
     D:4: 945 daAuts
     D:5: 121 daAuts
